 Dungeon Crawl Stone Soup version 0.14-a0-445-g388476e (webtiles) character file.

536 lhllhlh the Cudgeler (level 6, 0/58 HPs)
             Began as an Ogre Hunter on Oct 30, 2013.
             Succumbed to an adder's poison
             ... on Level 4 of the Dungeon.
             The game lasted 00:12:46 (3606 turns).

lhllhlh the Cudgeler (Ogre Hunter)                  Turns: 3606, Time: 00:12:46

HP   0/58        AC  3     Str 20      XL: 6   Next: 55%
MP   5/5         EV 10     Int 10      God:
Gold 198         SH  0     Dex 10      Spells:  0 memorised,  5 levels left

Res.Fire  : . . .   See Invis. : .   r - +0 whip
Res.Cold  : . . .   Warding    : .   t - +0 elf robe
Life Prot.: . . .   Conserve   : .   (shield restricted)
Res.Poison: .       Res.Corr.  : .   (helmet restricted)
Res.Elec. : .       Clarity    : .   (no cloak)
Sust.Abil.: . .     Spirit.Shd : .   (gloves unavailable)
Res.Mut.  : .       Stasis     : .   (boots unavailable)
Res.Rott. : .       Flight     : .   (no amulet)
Saprovore : + . .                    (no ring)
                                     (no ring)

@: quite poisoned, slightly resistant to hostile enchantments, unstealthy
A: unfitting armour, fast metabolism 1, saprovore 1, tough skin 1
a: no special abilities


You were on level 4 of the Dungeon.
You were not hungry.

You visited 1 branch of the dungeon, and saw 4 of its levels.

You collected 178 gold pieces.

Inventory:

Hand weapons
 e - a +0,+1 dwarven mace of holy wrath
 r - a +0,+0 whip (weapon)
Missiles
 b - a large rock (quivered)
 c - 2 throwing nets
Armour
 t - a +0 elven robe (worn)
Magical devices
 v - a wand of confusion (6)
Comestibles
 f - 2 meat rations
 g - 2 bread rations
 w - 3 chunks of orc flesh
 x - a rotting chunk of jackal flesh
 z - a rotting chunk of adder flesh
 B - 2 chunks of hobgoblin flesh
Scrolls
 h - 2 scrolls of magic mapping {unknown}
 i - a scroll of blinking {unknown}
 k - a scroll of teleportation {unknown}
 l - a scroll of identify {unknown}
 m - 5 scrolls of remove curse {unknown}
 n - a scroll of amnesia {unknown}
 o - a scroll of enchant armour {unknown}
 q - a scroll of enchant weapon I {unknown}
Jewellery
 s - an uncursed ring of regeneration {unknown}
Potions
 a - 3 potions of heal wounds {unknown}
 d - 2 potions of curing {unknown}
 j - a potion of speed
 p - a potion of agility {unknown}
 u - a potion of blood {unknown}
 A - a potion of resistance {unknown}


   Skills:
 - Level 2.6 Fighting
 * Level 6.6 Maces & Flails
 + Level 6.2 Throwing
 - Level 1.7 Dodging
 - Level 0.7 Stealth


You had 5 spell levels left.
You didn't know any spells.

Dungeon Overview and Level Annotations

Branches:
Dungeon (4/27)
 Temple: D:4-7

Altars:
Makhleb
Sif Muna


Innate Abilities, Weirdness & Mutations

You are too large for most types of armour.
You have a fast metabolism.
You can tolerate rotten meat.
You have tough skin (AC +1).


Message History

Aim: an adder (almost dead)
You throw a large rock.
The large rock crashes through the adder.
You kill the adder!
* * * LOW HITPOINT WARNING * * *
You feel sick.
You feel a little better.
The goblin hits you with a dwarven dagger.
* * * LOW HITPOINT WARNING * * *
The kobold hits you but does no damage.
Throwing (i - inventory. (,) - cycle):
b - 2 large rocks (quivered)
Press: ? - help, Shift-Dir - straight line, f - goblin
Aim: a goblin, wielding a dwarven dagger You throw a large rock.
The large rock misses the goblin.
* * * LOW HITPOINT WARNING * * *
You feel sick. The goblin hits you but does no damage.
The kobold hits you with a short sword.
* * * LOW HITPOINT WARNING * * *
You miss the goblin.
You die...

################
.........(?......
........K.<..%)...
........g@%.....((
#################


You could see a goblin and a kobold.

Vanquished Creatures
  The ghost of confidenceinterval the Cudgeler, an average GrFi of Okawaru (D:3)
  A hound (D:3)
  7 adders
  A worm (D:2)
  3 giant geckos
  An ooze (D:3)
  2 orcs (D:3)
  3 giant cockroaches
  4 goblins
  6 hobgoblins
  4 jackals
  11 kobolds
  A quokka (D:2)
  8 bats
  4 giant newts
  6 rats
63 creatures vanquished.

Notes
Turn   | Place    | Note
--------------------------------------------------------------
     0 | D:1      | lhllhlh, the Ogre Hunter, began the quest for the Orb.
     0 | D:1      | Reached XP level 1. HP: 20/20 MP: 0/0
   359 | D:1      | Reached XP level 2. HP: 21/28 MP: 1/1
   847 | D:2      | Reached XP level 3. HP: 23/35 MP: 2/2
  1041 | D:2      | Found a deep blue altar of Sif Muna.
  1189 | D:2      | Reached skill level 5 in Throwing
  1817 | D:2      | Reached XP level 4. HP: 33/44 MP: 3/3
  2720 | D:3      | Found a burning altar of Makhleb.
  2787 | D:3      | Noticed confidenceinterval's ghost (average GrFi)
  2796 | D:3      | Killed confidenceinterval's ghost
  2796 | D:3      | Reached skill level 6 in Maces & Flails
  2796 | D:3      | Reached XP level 5. HP: 26/50 MP: 4/4
  2796 | D:3      | Reached XP level 6. HP: 30/58 MP: 5/5
  3605 | D:4      | HP: 1/58 [kobold/short sword (5)]
  3606 | D:4      | Succumbed to an adder's poison

Action                   |  1- 3 |  4- 6 || total
-------------------------+-------+-------++-------
Melee: Mace              |    86 |       ||    86
       Whip              |     8 |   172 ||   180
Throw: Large rock        |       |     9 ||     9
Evoke: Wand              |       |     1 ||     1
 Stab: Sleeping          |     1 |       ||     1
